 Dungeon Crawl Stone Soup version 0.32-a0-422-g28b100f618 (webtiles) character file.

Game seed: 17773856502825284853

670 DocEon the Carver (level 7, -1/50 HPs)
             Began as a Coglin Gladiator on Feb 22, 2024.
             Was an Initiate of Gozag.
             Slain by an ice beast (7 damage)
             ... on level 5 of the Dungeon.
             The game lasted 00:04:28 (3157 turns).

DocEon the Carver (Coglin Gladiator)                Turns: 3157, Time: 00:04:29

Health: -1/50      AC:  4    Str: 17    XL:     7   Next: 58%
Magic:  7/7        EV: 12    Int:  7    God:    Gozag
Gold:   386        SH:  0    Dex: 15    Spells: 6/6 levels left

rFire   . . .        s - +0 long sword {Jin}
rCold   . . .        l - +0 short sword {Imanvir}
rNeg    . . .        b - +0 leather armour
rPois   .            c - +0 helmet
rElec   .            (no cloak)
rCorr   .            (no gloves)
SInv    .            (no boots)
Will    .....        (no amulet)
Stlth   +            (no ring)
HPRegen 0.28/turn    (no ring)
MPRegen 0.10/turn

%: no passive effects
@: gold aura, immotile, studying Long Blades, revved
A: off-hand wielding, slow wielding, warmup strikes, legs shutdown
a: Renounce Religion, Potion Petition, Call Merchant, Bribe Branch


You were on level 5 of the Dungeon.
You worshipped Gozag.
Gozag was aware of your devotion.
You visited 1 branch of the dungeon, and saw 5 of its levels.

You collected 426 gold pieces.
You spent 30 gold pieces at shops.
You paid 10 gold pieces to Gozag.

Inventory:

Hand Weapons
 l - a +0 short sword (offhand) {Imanvir}
 s - a +0 long sword (weapon) {Jin}
Missiles
 d - 3 throwing nets (quivered)
 e - a javelin
 i - 6 curare-tipped darts
Armour
 b - a +0 leather armour (worn)
 c - a +0 helmet (worn)
 f - a +0 plate armour
Scrolls
 k - a scroll of fog
 m - a scroll of enchant armour
Potions
 a - a potion of ambrosia
 g - 3 potions of enlightenment
 j - a potion of curing
 n - a potion of mutation {unknown}


   Skills:
 - Level 2.1 Fighting
 * Level 10.9 Long Blades
 - Level 2.0 Throwing
 - Level 2.8 Dodging


You had 6 spell levels left.
You didn't know any spells.
Your spell library was empty.

Dungeon Overview and Level Annotations

Branches:
Dungeon (5/15)
 Temple: D:4-7

Altars:
Dithmenos
Gozag
The Shining One

Shops:
D:1 !   D:2 (   D:3 !


Innate Abilities, Weirdness & Mutations

You can wield a second weapon in your off-hand.
It takes a long time for you to wield or remove held weapons.
Your first few attacks do less damage.
Attacking and casting redirects power from your legs.


Message History

The orc hits you but does no damage.
You hit the centaur with your +0 short sword.
The centaur is severely wounded.
You slash the centaur with your +0 long sword!
You kill the centaur!
The orc barely misses you.
You barely miss the orc with your +0 long sword.
You hit the orc but do no damage.
You hit the orc with your +0 short sword.
The orc is moderately wounded.
You barely miss the orc with your +0 long sword.
The orc misses you.
You hit the orc with your +0 short sword.
The orc is severely wounded.
You hit the orc with your +0 long sword.
You kill the orc!
An adder comes into view.
You cannot move.
You cannot move.
You aren't carrying any items that you can evoke.
You are no longer unable to travel.
The adder hisses angrily.
You barely miss the ice beast with your +0 long sword.
You hit the ice beast with your +0 short sword.
The ice beast hits you.
* * * LOW HITPOINT WARNING * * *
The ice beast freezes you.
* * * LOW HITPOINT WARNING * * *
You hit the ice beast with your +0 long sword.
The ice beast is lightly wounded.
You closely miss the ice beast with your +0 short sword.
You hit the ice beast with your +0 long sword.
The ice beast is moderately wounded.
You barely miss the ice beast with your +0 short sword.
An ogre comes into view. It is wielding a +0 giant club.
The ice beast hits you.
* * * LOW HITPOINT WARNING * * *
The ice beast freezes you!
You die...
Your body crumbles into a pile of gold.

..O.........^^
... .........
............
.....<..S[. #
#....#.... #.#
#......## ....
#...Y$.# #...
##@.#
#....####...#
#......<...#
###....#...#
#..#.#####
######


You could see an ice beast, an ogre (wandering) and an adder.

Vanquished Creatures
  A black bear (D:4)
  The ghost of xianbchi the Trooper, an amateur DrBe of Trog (D:3)
  A centaur (D:5)
  A scorpion (D:5)
  A howler monkey (D:5)
  A bombardier beetle (D:4)
  Ijyb (D:5)
  2 orc wizards
  7 adders
  2 dart slugs (D:1)
  2 ribbon worms (D:3)
  8 orcs
  4 endoplasms
  2 giant cockroaches (D:2)
  5 goblins
  7 hobgoblins
  5 jackals (D:1)
  6 kobolds
  3 quokkas
  5 ball pythons
  3 bats
  7 frilled lizards
  6 rats
81 creatures vanquished.

Notes
Turn   | Place    | Note
-------+----------+-------------------------------------------
     0 | D:1      | DocEon the Coglin Gladiator began the quest for the Orb.
     0 | D:1      | Reached XP level 1. HP: 16/16 MP: 1/1
    83 | D:1      | Reached XP level 2. HP: 19/22 MP: 2/2
   231 | D:1      | Reached XP level 3. HP: 27/27 MP: 3/3
   253 | D:1      | Reached skill level 4 in Long Blades
   268 | D:1      | Found Niop's Distillery.
   669 | D:1      | Reached XP level 4. HP: 33/33 MP: 4/4
   906 | D:2      | Found an opulent altar of Gozag.
   989 | D:2      | Became a worshipper of Gozag Ym Sagoz the Greedy
  1041 | D:2      | Found Zidazacy's Weapon Emporium.
  1044 | D:2      | Bought a +0 short sword for 30 gold pieces
  1353 | D:2      | Identified a scroll of acquirement
  1353 | D:2      | Acquired a manual of Long Blades
  1516 | D:3      | Reached skill level 5 in Long Blades
  1568 | D:3      | Found a runed translucent door.
  1570 | D:3      | Noticed xianbchi's ghost (amateur DrBe)
  1659 | D:3      | Reached XP level 5. HP: 28/38 MP: 5/5
  1774 | D:3      | Found Fuodet's Distillery.
  1780 | D:3      | Reached skill level 6 in Long Blades
  1819 | D:3      | Found a shadowy altar of Dithmenos.
  2357 | D:3      | Killed xianbchi's ghost
  2358 | D:3      | Reached skill level 8 in Long Blades
  2358 | D:3      | Reached XP level 6. HP: 35/44 MP: 6/6
  2775 | D:4      | Found a glowing golden altar of the Shining One.
  2833 | D:4      | Identified the +1 leather armour of Woret {*Slow rElec
                  | rPois Str+2}
  2907 | D:4      | Noticed a black bear
  2916 | D:4      | Killed a black bear
  2917 | D:4      | Reached skill level 9 in Long Blades
  2917 | D:4      | Reached XP level 7. HP: 34/50 MP: 7/7
  3112 | D:5      | Entered Level 5 of the Dungeon
  3116 | D:5      | Reached skill level 10 in Long Blades
  3127 | D:5      | Noticed Ijyb
  3141 | D:5      | Killed Ijyb
  3157 | D:5      | Slain by an ice beast

Illustrated notes

Levels and vault maps discovered:
D:1:      scummos_arrival_forest, layout_basic, serial_shops, shop
D:2:      layout_rooms, serial_shops, nicolae_shop_window_shopping, basic_altar,
          serial_curves, eino_curves_04, eino_curves_04
D:3:      layout_loops_ring, nicolae_dithmenos_the_darkroom,
          ebering_ghost_sewer_d, serial_shops, nicolae_shop_industrial_runoff
D:4:      layout_basic, tso_oasis_becter
D:5:      layout_cave_pools, mainiacjoe_overflow_brackets, xom_teletrap_fun,
          minmay_temple_entry_ruins, kennysheep_cross_bottleneck, uniq_ijyb

Skill      XL: |  1  2  3  4  5  6  7 |
---------------+----------------------+-----
Throwing       | 2 |  2.0
Long Blades    | 4 5 8 9 10 | 10.9
Fighting       | |  2.1
Dodging        | |  2.8

Action                     |  1- 3 |  4- 6 |  7- 9 || total
---------------------------+-------+-------+-------++-------
  Melee: Long sword        |    88 |   140 |    24 ||   252
         Short sword       |       |   107 |    23 ||   130
         Dagger            |       |    17 |       ||    17
    Use: Scroll            |       |    11 |       ||    11
   Stab: Sleeping          |     1 |     1 |       ||     2
 Armour: Leather armour    |    41 |    82 |    19 ||   142
  Dodge: Dodged            |    69 |    66 |     9 ||   144

Table legend: (Time is in decaauts)
 A = Elapsed time spent in this place.
 B = Non-inter-level travel time spent in this place.
 C = Inter-level travel time spent in this place.
 D = Time resting spent in this place.
 E = Time spent auto-exploring this place.
 F = Levels seen in this place.
 G = Mean time per level.
                   A        B        C        D        E       F      G
               +--------+--------+--------+--------+--------+-----+--------+
         Total |   3161 |   3023 |    138 |    337 |   2065 |   5 |  632.2 |
       Dungeon |   3161 |   3023 |    138 |    337 |   2065 |   5 |  632.2 |
               +--------+--------+--------+--------+--------+-----+--------+

Top non-repeatable levels by time:
     D:3: 1083 daAuts
     D:1: 811 daAuts
     D:2: 667 daAuts
     D:4: 560 daAuts
     D:5: 39 daAuts
